 Dungeon Crawl Stone Soup version 0.28.0-53-g5a82cb258f (webtiles) character file.

Game seed: 11596373640470434484

397 Zeld the Magician (level 6, -2/34 HPs)
             Began as a Deep Elf Hedge Wizard on May 21, 2022.
             Slain by a yak (13 damage)
             ... on level 3 of the Dungeon.
             The game lasted 00:08:24 (5924 turns).

Zeld the Magician (Deep Elf Hedge Wizard)           Turns: 5924, Time: 00:08:25

Health: -2/34      AC:  5    Str:  7    XL:     6   Next: 53%
Magic:  9/16       EV: 13    Int: 21    God:
Gold:   72         SH:  0    Dex: 18    Spells: 1/16 levels left

rFire   . . .      SeeInvis +   a - +8 rapier "Etuefais" {freeze, Fragile rF+ Dex+4}
rCold   . . .      Faith    .   (no shield)
rNeg    . . .      Spirit   .   q - +2 robe of the Doldrums {rPois rF- Will- SInv}
rPois   +          Reflect  .   c - +0 hat
rElec   .          Harm     .   (no cloak)
rCorr   .          Rampage  .   (no gloves)
Will    .....                   m - +0 pair of boots
Stlth   ++........              (no amulet)
HPRegen 0.11/turn               (no ring)
MPRegen 0.15/turn               (no ring)

@: no status effects
A: no striking features
a: no special abilities


You were on level 3 of the Dungeon.
You visited 1 branch of the dungeon, and saw 4 of its levels.

You collected 222 gold pieces.
You spent 150 gold pieces at shops.

Inventory:

Hand Weapons
 a - the +8 rapier "Etuefais" (weapon) {freeze, Fragile rF+ Dex+4}
   (You found it on level 2 of the Dungeon)

   It freezes those it strikes, dealing additional cold damage.
   It can also slow down cold-blooded creatures.
   Dex:       It affects your dexterity (+4).
   rF:        It protects you from fire.
   Fragile:   It will be destroyed if unequipped.
Armour
 c - a +0 hat (worn)
 m - a +0 pair of boots (worn)
 q - the +2 robe of the Doldrums (worn) {rPois rF- Will- SInv}
   (You took it off a kobold on level 4 of the Dungeon)

   rF:        It makes you vulnerable to fire.
   rPois:     It protects you from poison.
   SInv:      It lets you see invisible.
   Will:      It decreases your willpower.
Scrolls
 b - a scroll of noise {unknown}
 d - a scroll of magic mapping {unknown}
 e - a scroll of brand weapon {unknown}
 f - 3 scrolls of blinking
 g - a scroll of immolation {unknown}
 h - a scroll of torment {unknown}
Potions
 i - a potion of attraction {unknown}
 j - a potion of heal wounds {unknown}
 k - a potion of curing
 l - 2 potions of degeneration {unknown}
 n - 3 potions of lignification {unknown}
 o - a potion of flight {unknown}
 p - a potion of resistance {unknown}


   Skills:
 + Level 1.4 Fighting
 * Level 2.7 Short Blades
 + Level 3.3 Dodging
 - Level 2.4 Stealth
 * Level 5.8 Spellcasting
 - Level 2.0 Conjurations
 - Level 2.0 Hexes
 - Level 2.0 Summonings
 - Level 2.0 Translocations
 + Level 1.4 Fire Magic
 + Level 1.1 Air Magic
 + Level 0.3 Earth Magic
 + Level 1.6 Poison Magic


You had one spell level left.
You knew the following spells:

 Your Spells              Type           Power      Damage    Failure   Level
a - Magic Dart            Conj           56%        1d5       4%          1
b - Slow                  Hex            56%        N/A       4%          1
c - Blink                 Tloc           28%        N/A       7%          2
d - Call Imp              Summ           14%        N/A       7%          2
e - Conjure Flame         Conj/Fire      13%        6-21      16%         3
f - Stone Arrow           Conj/Erth      20%        3d8       19%         3
g - Mephitic Cloud        Conj/Pois/Air  12%        N/A       16%         3

Your spell library contained the following spells:

 Spells                   Type           Power      Damage    Failure   Level
 Sandblast                Erth           14%        2d6       9%          1
 Passwall                 Tmut/Erth      5%         N/A       14%         2


Dungeon Overview and Level Annotations

Branches:
Dungeon (4/15)
 Temple: D:4-7

Altars:
Ashenzari
Dithmenos
Gozag
Qazlal
Trog
Wu Jian
The Shining One

Shops:
D:3 *   D:4 (


Message History

Confirm with . or Enter, or press ? or * to list all spells.
Aiming: Slow (safe; 4% risk of failure)
Press: ? - help, Shift-Dir - straight line, f - yak
Aim: a yak (heavily wounded, chance to affect: 53%)
The yak resists with significant effort.
The yak closely misses you.
Unknown command.
You puncture the yak! You freeze the yak.
The yak is severely wounded.
The yak misses you.
Casting: Slow (safe; 4% risk of failure)
Confirm with . or Enter, or press ? or * to list all spells.
Aiming: Slow (safe; 4% risk of failure)
Press: ? - help, Shift-Dir - straight line, f/p - yak
Aim: a yak (severely wounded, chance to affect: 53%)
The yak seems to slow down.
The yak closely misses you.
Unknown command.
Casting: Slow (safe; 4% risk of failure)
Confirm with . or Enter, or press ? or * to list all spells.
Aiming: Slow (safe; 4% risk of failure)
Press: ? - help, Shift-Dir - straight line, f/p - yak
Aim: a yak (severely wounded, slow, chance to affect: 53%)
The yak seems to slow down.
The yak gores you!
* * * LOW HITPOINT WARNING * * *
Unknown command.
You hit the yak. You freeze the yak.
The yak is almost dead.
Unknown command.
Your crimson imp barely misses the yak.
Casting: Slow (safe; 4% risk of failure)
Confirm with . or Enter, or press ? or * to list all spells.
Aiming: Magic Dart (safe; 4% risk of failure)
Press: ? - help, Shift-Dir - straight line, f/p - yak
Aim: a yak (almost dead, slow, ally target, 100% to hit)
The magic dart hits the yak.
The yak is almost dead.
Your crimson imp blinks!
Unknown command.
The yak gores you!
You die...

##..>........##.#>..##
######..##.###.#.....
#..##..#..##....
#..###.#...##... ##.##
#.Y....##.. #..#
##....8.##.
##..#####.5.[...##
#.Y.##..ยง.#.......
##@#.#Y.####...##.#
#..#...## #..####.#
#.#########[.# #..#
#.# #.(.[###.## #.#
####.##.#...## #.#
##....##.#.###.
###.###..##......##..
#.....#.###.#.#####.#
#......(###...# ##.#


You could see a yak (slow).

Vanquished Creatures
  An ogre (D:4)
  A centaur zombie (D:3)
  An orc priest (D:3)
  A hound (D:4)
  Jessica (D:2)
  Natasha (thrice) (D:2)
  An adder (D:3)
  An ufetubus (D:4)
  An adder skeleton (D:4)
  A worm (D:3)
  2 dart slugs (D:1)
  4 orcs
  9 endoplasms
  3 giant cockroaches
  3 hobgoblins
  3 jackals (D:4)
  7 kobolds
  6 quokkas
  4 ball pythons
  A frilled lizard (D:1)
  8 goblins
  6 rats
68 creatures vanquished.

Vanquished Creatures (collateral kills)
  2 adders (D:2)
  2 orcs (D:3)
  A hobgoblin (D:4)
  2 kobolds (D:1)
  A rat (D:1)
8 creatures vanquished.

Grand Total: 76 creatures vanquished

Notes
Turn   | Place    | Note
-------+----------+-------------------------------------------
     0 | D:1      | Zeld the Deep Elf Hedge Wizard began the quest for the Orb.
     0 | D:1      | Reached XP level 1. HP: 10/10 MP: 7/7
   103 | D:1      | Found a faded altar of an unknown god.
   109 | D:1      | Learned a level 1 spell: Slow
   476 | D:1      | Reached XP level 2. HP: 15/15 MP: 6/9
   507 | D:1      | Learned a level 2 spell: Blink
   510 | D:1      | Learned a level 2 spell: Call Imp
   835 | D:1      | Reached skill level 1 in Short Blades
  1657 | D:2      | Identified the +8 rapier "Etuefais" {freeze, Fragile rF+
                  | Dex+4}
  1728 | D:2      | Reached XP level 3. HP: 20/20 MP: 6/11
  1732 | D:2      | Learned a level 3 spell: Conjure Flame
  2304 | D:2      | Noticed Jessica
  2313 | D:2      | Killed Jessica
  2314 | D:2      | Reached skill level 5 in Spellcasting
  2314 | D:2      | Reached XP level 4. HP: 8/24 MP: 3/13
  2318 | D:2      | Learned a level 3 spell: Mephitic Cloud
  2767 | D:2      | Noticed Natasha
  2778 | D:2      | Killed Natasha
  2824 | D:2      | Noticed Natasha
  2835 | D:2      | Killed Natasha
  2836 | D:2      | Reached skill level 1 in Fighting
  2836 | D:2      | Reached skill level 1 in Hexes
  2903 | D:2      | Noticed Natasha
  3174 | D:2      | Killed Natasha
  3175 | D:2      | Reached XP level 5. HP: 18/29 MP: 0/14
  3724 | D:3      | Found an opulent altar of Gozag.
  3726 | D:3      | Found a glowing golden altar of the Shining One.
  3732 | D:3      | Found a broken altar of Ashenzari.
  3737 | D:3      | Found a shadowy altar of Dithmenos.
  3739 | D:3      | Found a stormy altar of Qazlal.
  3745 | D:3      | Found an ornate altar of the Wu Jian Council.
  4138 | D:3      | Reached skill level 1 in Fire Magic
  4231 | D:3      | Found Muager's General Store.
  4246 | D:3      | Bought a potion of curing for 30 gold pieces
  4246 | D:3      | Bought a scroll of blinking for 75 gold pieces
  4465 | D:3      | Found a faded altar of an unknown god.
  4470 | D:3      | Found a bloodstained altar of Trog.
  4533 | D:3      | Bought a +0 pair of boots for 45 gold pieces
  4762 | D:4      | Noticed an ogre
  4776 | D:4      | Killed an ogre
  4777 | D:4      | Reached skill level 1 in Air Magic
  4777 | D:4      | Reached skill level 1 in Poison Magic
  4777 | D:4      | Reached XP level 6. HP: 21/34 MP: 6/16
  4781 | D:4      | Learned a level 3 spell: Stone Arrow
  5041 | D:4      | Noticed a yak
  5043 | D:4      | Found Joal Kye's Antique Weapon Emporium.
  5043 | D:4      | Noticed a yak
  5046 | D:4      | Noticed a yak
  5048 | D:4      | Noticed a yak
  5644 | D:4      | Identified the +2 robe of the Doldrums {rPois rF- Will-
                  | SInv}
  5924 | D:3      | Slain by a yak

Illustrated notes

Levels and vault maps discovered:
D:1:      wander_arrival_fairy_ring, layout_basic,
          shapermc_ecumenical_altar_notcrosses, chequers_serial_rivers_small_b
D:2:      layout_basic, uniq_jessica, uniq_natasha
D:3:      layout_rooms, nicolae_overflow_hallway_of_the_gods,
          nicolae_overflow_ecumenical_swirl, serial_shops, shop
D:4:      layout_gridville, serial_shops, nicolae_shop_trees, minivault_11,
          serial_bayou_pond_d, st_stairs_12, uniq_blork_the_orc

Skill      XL: |  1  2  3  4  5 |
---------------+----------------+-----
Short Blades   | 1 2 |  2.7
Spellcasting   | 5 |  5.8
Fighting       | 1 |  1.4
Hexes          | 1 2 |  2.0
Dodging        | 3 |  3.3
Conjurations   | 2 |  2.0
Fire Magic     | 1 |  1.4
Summonings     | 2 |  2.0
Translocations | 2 |  2.0
Air Magic      | 1 |  1.1
Poison Magic   | 1 |  1.6
Stealth        | |  2.4
Earth Magic    | |  0.3

Action                   |  1- 3 |  4- 6 || total
-------------------------+-------+-------++-------
Melee: Rapier            |    26 |    45 ||    71
       Punch             |       |     1 ||     1
 Cast: Magic Dart        |    56 |    75 ||   131
       Call Imp          |    18 |    14 ||    32
       Slow              |     1 |    16 ||    17
       Mephitic Cloud    |       |     7 ||     7
       Blink             |       |     3 ||     3
Armor: Robe              |     6 |     8 ||    14
Dodge: Dodged            |    26 |    49 ||    75
